 Dungeon Crawl Stone Soup version 0.32-a0-585-gef4fe23122 (webtiles) character file.

Game seed: 14397740992347993385

5293 Conn the Covert (level 10, -6/56 HPs)
             Began as an Octopode Fire Elementalist on Mar 2, 2024.
             Was a Follower of Sif Muna.
             Mangled by a kobold brigand
             ... wielding a +0 war axe
              (8 damage)
             ... in a bailey.
             The game lasted 00:23:30 (8657 turns).

Conn the Covert (Octopode Fire Elementalist)        Turns: 8657, Time: 00:23:31

Health: -6/56      AC:  5    Str:  6 (7)  XL:     10   Next: 63%
Magic:  2/20       EV: 17    Int: 21 (22) God:    Sif Muna [*.....]
Gold:   778        SH:  0    Dex: 23 (25) Spells: 6/22 levels left

rFire   . . .        i - +2 quarterstaff (chaos)
rCold   . . .        (shield currently unavailable)
rNeg    . . .        (helmet restricted)
rPois   .            h - amulet of the acrobat
rElec   .            p - +4 ring of protection
rCorr   .            t - +6 ring of dexterity
SInv    +            v - +6 ring of dexterity
Will    .....        u - ring of see invisible
Stlth   +++++        (no ring)
HPRegen 0.29/turn    (no ring)
MPRegen 0.17/turn    (no ring)
                     (no ring)

%: acrobat
@: hasted, invisible, very quick
A: almost no armour, amphibious, 8 rings, camouflage 1, gelatinous body 1,
(nimble swimmer 1), tentacles
a: Renounce Religion, Channel Magic


You were in a bailey.
You worshipped Sif Muna.
Sif Muna was aware of your devotion.
You visited 2 branches of the dungeon, and saw 9 of its levels.
You also visited: Bailey.

You collected 778 gold pieces.

Inventory:

Hand Weapons
 d - a +0 broad axe
 i - a +2 quarterstaff of chaos (weapon)
Missiles
 b - 7 curare-tipped darts (quivered)
 A - 2 throwing nets
Magical Staves
 o - a staff of death
Jewellery
 h - an amulet of the acrobat (around mantle)
 p - a +4 ring of protection (left tentacle)
 t - a +6 ring of dexterity (right tentacle)
 u - a ring of see invisible (on tentacle)
 v - a +6 ring of dexterity (on tentacle)
Wands
 s - a wand of flame (22)
 y - a wand of iceblast (5)
Scrolls
 e - a scroll of amnesia
 j - 2 scrolls of vulnerability
 l - 3 scrolls of revelation
 m - a scroll of enchant armour
 q - a scroll of noise
 r - a scroll of silence
 C - a scroll of poison
 E - 2 scrolls of teleportation
Potions
 a - 2 potions of magic
 f - 2 potions of brilliance


   Skills:
 + Level 5.6 Dodging
 + Level 8.0 Stealth
 * Level 6.8 Spellcasting
 * Level 7.2 Conjurations
 + Level 4.7 Hexes
 + Level 3.3 Summonings
 + Level 6.1 Fire Magic
 + Level 3.6 Ice Magic


You had 6 spell levels left.
You knew the following spells:

 Your Spells              Type           Power      Damage    Failure   Level
a - Foxfire               Conj/Fire      100%       2x1d9     1%          1
b - Scorch                Fire           66%        2d7       1%          2
c - Inner Flame           Hex/Fire       29%        N/A       3%          3
d - Flame Wave            Conj/Fire      35%        2d10      6%          4
e - Hailstorm             Conj/Ice       30%        3d8       3%          3
f - Summon Ice Beast      Ice/Summ       21%        N/A       6%          3

Your spell library contained the following spells:

 Spells                   Type           Power      Damage    Failure   Level
 Volatile Blastmotes      Fire/Tloc      40%        2d13      8%          3
 Sculpt Simulacrum        Ice/Alch       7%         N/A       100%        6


Dungeon Overview and Level Annotations

Branches:
Dungeon (8/15)             Temple (1/1) D:5          Bailey (1/1)
   Lair: D:8-11

Altars:
Ashenzari
Cheibriados
Dithmenos
Elyvilon
Fedhas
Gozag
Hepliaklqana
Kikubaaqudgha
Makhleb
Nemelex Xobeh
Qazlal
Ru
Sif Muna
Uskayaw
Vehumet
Wu Jian
Xom
Yredelemnul
Zin
The Shining One

Annotations:
D:3 bezhaha's ghost, amateur DjFE
D:5 3 runed translucent doors, Skimidon's ghost, novice MDFi
D:6 2 transporters, lDtest's ghost, novice CoHu
D:7 Dowan; Duvessa


Innate Abilities, Weirdness & Mutations

You cannot wear most types of armour.
You are amphibious.
You can wear up to eight rings at the same time.
Your skin changes colour to match your surroundings (Stealth+).
Your rubbery body absorbs attacks. (AC +1, EV +1)
((You are camouflaged when in or above water. (Stealth+)))
You have tentacles for arms and can constrict up to eight enemies at once.


Message History

You kill the kobold brigand!
Sif Muna accepts your kill.
You hear a splash. x2
The kobold brigand misses you. The kobold brigand barely misses you.
It was a potion of resistance.
You feel protected. The kobold brigand barely misses you.
It was a potion of degeneration.
There was something very wrong with that liquid.
You feel weakened.
You feel dopey.
You feel clumsy. The kobold brigand misses you.
The kobold brigand hits you with a +0 war axe.
* * * LOW HITPOINT WARNING * * *
It was a potion of cancellation.
Your magical effects are unravelling.
You feel magically purged.
You feel yourself speed up.
Your resistance to elements expires.
The kobold brigand hits you with a +0 war axe.
* * * LOW HITPOINT WARNING * * *
Okay, then.
Unknown command.
Unknown command.
Unknown command.
Unknown command.
It was a potion of haste.
You feel yourself speed up. The kobold brigand closely misses you.
You hit the kobold brigand. Your grab misses the kobold brigand.
The kobold brigand is lightly wounded.
The kobold brigand hits you with a +0 war axe!
* * * LOW HITPOINT WARNING * * *
Okay, then.
Okay, then.
Unknown command.
Unknown command.
Unknown command.
Unknown command.
It was a potion of invisibility.
You fade into invisibility!
The kobold brigand hits you with a +0 war axe!
You die...

##..∩..## ##'('##
#...# #...# #(..#
####).(####
#~.((.)..~##
#~~.......~~#####
....~~.......~~.@K.#
.###~~.......()###.#
..~~.......~~....#
###~~.......~~###.#
..~~.......~~....#
##~~.......~K###.#
..~~.......~))))K#
##~~.......~)###.#
..~~.......)~....#


You could see a kobold brigand (unable to see you).

Vanquished Creatures
  A cyclops (D:6)
  An unseen horror (D:6)
  A komodo dragon (D:6)
  Prince Ribbit (D:7)
  A yak (D:6)
  A vampire mosquito (D:6)
  2 steam dragons (D:7)
  An acid dragon (D:6)
  4 water moccasins
  5 orc warriors
  A sky beast (D:6)
  2 ice beasts (D:6)
  An ogre (D:5)
  2 centaurs
  7 kobold brigands
  3 bullfrogs
  2 scorpions
  2 wights (D:6)
  4 killer bees (D:8)
  A howler monkey (D:6)
  A bombardier beetle (D:4)
  3 jellies
  A gnoll bouda (D:7)
  Crazy Yiuf (D:2)
  2 hounds (D:4)
  2 sleepcaps
  3 iguanas
  8 orc wizards
  Robin (D:3)
  13 gnolls
  7 adders
  A river rat (D:3)
  A white imp (D:7)
  4 dart slugs
  2 ribbon worms (D:2)
  22 orcs
  6 bats
  6 endoplasms
  6 giant cockroaches
  15 goblins
  12 hobgoblins
  11 jackals
  15 kobolds
  7 quokkas
  6 ball pythons
  4 frilled lizards
  6 rats
209 creatures vanquished.

Vanquished Creatures (collateral kills)
  An ogre (D:6)
  11 foxfires
12 creatures vanquished.

Vanquished Creatures (others)
  A ball python (D:3)
  518 foxfires
519 creatures vanquished.

Grand Total: 740 creatures vanquished

Notes
Turn   | Place    | Note
-------+----------+-------------------------------------------
     0 | D:1      | Conn the Octopode Fire Elementalist began the quest for the
                  | Orb.
     0 | D:1      | Reached XP level 1. HP: 11/11 MP: 3/3
    96 | D:1      | Reached skill level 3 in Stealth
    96 | D:1      | Reached XP level 2. HP: 17/17 MP: 1/5
   414 | D:1      | Reached XP level 3. HP: 21/21 MP: 0/6
  1156 | D:2      | Reached XP level 4. HP: 9/27 MP: 1/7
  1424 | D:2      | Found a runed translucent door.
  1430 | D:2      | Noticed Crazy Yiuf
  1459 | D:2      | Killed Crazy Yiuf
  1718 | D:2      | Reached XP level 5. HP: 31/31 MP: 9/9
  1826 | D:2      | Reached skill level 4 in Stealth
  2171 | D:3      | Learned a level 2 spell: Scorch
  2175 | D:3      | Learned a level 3 spell: Inner Flame
  2611 | D:3      | Found a runed translucent door.
  2615 | D:3      | Noticed bezhaha's ghost (amateur DjFE)
  2621 | D:3      | Learned a level 4 spell: Flame Wave
  2653 | D:3      | Reached XP level 6. HP: 24/36 MP: 1/10
  2729 | D:3      | Noticed Robin
  2732 | D:3      | Killed Robin
  2859 | D:3      | Found a runed translucent door.
  3111 | D:3      | Reached skill level 1 in Hexes
  3582 | D:4      | Reached XP level 7. HP: 38/41 MP: 10/12
  4265 | D:5      | Entered Level 5 of the Dungeon
  4346 | D:5      | Reached skill level 5 in Stealth
  4718 | D:5      | Found a staircase to the Ecumenical Temple.
  4796 | Temple   | Entered the Ecumenical Temple
  4953 | D:5      | Reached XP level 8. HP: 33/46 MP: 0/14
  5167 | D:5      | Found a runed translucent gate.
  5168 | D:5      | Found a runed translucent gate.
  5168 | D:5      | Found a runed translucent gate.
  5169 | D:5      | Noticed Skimidon's ghost (novice MDFi)
  5179 | D:5      | Learned a level 3 spell: Hailstorm
  6014 | D:6      | Reached skill level 6 in Stealth
  6014 | D:6      | Reached skill level 1 in Ice Magic
  6135 | D:6      | Reached skill level 5 in Conjurations
  6570 | D:6      | Found a shimmering blue altar of Sif Muna.
  6578 | D:6      | Became a worshipper of Sif Muna the Loreminder
  6603 | D:6      | Found a transporter.
  6604 | D:6      | Identified the +6 great mace "Mugeq" {vamp, rElec rCorr
                  | Str-2 Int+3}
  6604 | D:6      | Noticed a two-headed ogre
  6604 | D:6      | Noticed lDtest's ghost (novice CoHu)
  6605 | D:6      | Found a transporter.
  6617 | D:6      | Learned a level 3 spell: Summon Ice Beast
  6795 | D:6      | Reached skill level 5 in Spellcasting
  6795 | D:6      | Reached skill level 5 in Fire Magic
  6828 | D:6      | Noticed an unseen horror
  6828 | D:6      | Noticed a komodo dragon
  6837 | D:6      | Reached XP level 9. HP: 37/51 MP: 5/16
  6848 | D:6      | Reached skill level 1 in Summonings
  6981 | D:6      | Killed a komodo dragon
  7408 | D:6      | Reached skill level 7 in Stealth
  7548 | D:6      | Killed an unseen horror
  7624 | D:6      | Noticed a cyclops
  7645 | D:6      | Killed a cyclops
  7646 | D:6      | Reached skill level 5 in Dodging
  7646 | D:6      | Reached XP level 10. HP: 56/56 MP: 0/19
  7846 | D:7      | Found a flagged portal.
  7990 | D:7      | Noticed Prince Ribbit
  8001 | D:7      | Noticed Dowan
  8004 | D:7      | Reached * piety under Sif Muna
  8005 | D:7      | Noticed Duvessa
  8284 | D:7      | Killed Prince Ribbit
  8308 | Bailey   | Entered a bailey
  8629 | Bailey   | Reached skill level 8 in Stealth
  8656 | Bailey   | HP: 2/56 [kobold brigand/+0 war axe (13)]
  8657 | Bailey   | Mangled by a kobold brigand

Illustrated notes

Levels and vault maps discovered:
D:1:      spicycebolla_arrival_clurvy, layout_basic
D:2:      layout_rooms, serial_bayou, serial_bayou_pond_d,
          serial_bayou_lagoon_b, serial_bayou_shore_a, serial_bayou_lake_a,
          st_stairs_11, uniq_crazy_yiuf_cottage
D:3:      layout_basic, ebering_ghost_sewer_f, uniq_robin
D:4:      layout_cave_pools, serial_park, serial_park_tiny_1, serial_park_gazebo
          [serial_park_minivault_5x5_3], serial_park_square2,
          serial_park_tiny_2, fountainhead
D:5:      layout_basic, minmay_temple_entry_drinking_statues,
          ebering_ghost_rock_garden
D:6:      minmay_klotski, layout_loops_corners, kennysheep_mini,
          gammafunk_ghost_smash
D:7:      layout_rooms, enter_bailey_5, hangedman_decor_points,
          minmay_misc_feat_alley, uniq_prince_ribbit1, uniq_duvessa
D:8:      layout_rooms, special_room [special_room_orc]
Temple:   compressed_dpeg_triangle_lava_temple
Bailey:   bailey_axe_3, bailey

Skill      XL: |  1  2  3  4  5  6  7  8  9 10 |
---------------+-------------------------------+-----
Stealth        | 3 4 5 6 7 8 |  8.0
Conjurations   | 2 3 4 5 6 7 |  7.2
Dodging        | 3 4 5 |  5.6
Spellcasting   | 3 4 5 6 |  6.8
Hexes          | 1 2 3 4 |  4.7
Fire Magic     | 4 5 6 |  6.1
Ice Magic      | 1 3 |  3.6
Summonings     | 2 3 |  3.3

Action                     |  1- 3 |  4- 6 |  7- 9 | 10-12 || total
---------------------------+-------+-------+-------+-------++-------
  Melee: Unarmed           |     4 |       |       |       ||     4
         Constrict         |     8 |    12 |     4 |     5 ||    29
         Tentacles         |     6 |    14 |    10 |     3 ||    33
         Broad axe         |    19 |       |       |       ||    19
         Quarterstaff      |       |    44 |    42 |    14 ||   100
  Throw: Dart              |       |       |     2 |       ||     2
   Cast: Foxfire           |    42 |    92 |   116 |    58 ||   308
         Scorch            |       |     9 |    30 |    19 ||    58
         Inner Flame       |       |       |    18 |     7 ||    25
         Hailstorm         |       |       |     4 |       ||     4
         Flame Wave        |       |       |     1 |     3 ||     4
         Summon Ice Beast  |       |       |     1 |       ||     1
 Invoke: Channel Magic     |       |       |       |     1 ||     1
  Evoke: Wand              |       |       |       |     2 ||     2
    Use: Scroll            |       |       |    10 |       ||    10
         Potion            |       |       |     3 |     8 ||    11
   Stab: Sleeping          |     5 |     4 |     3 |       ||    12
         Distracted        |       |       |     1 |       ||     1
 Armour: Skin              |    10 |    25 |    39 |    19 ||    93
  Dodge: Dodged            |    17 |    57 |    91 |    52 ||   217

Table legend: (Time is in decaauts)
 A = Elapsed time spent in this place.
 B = Non-inter-level travel time spent in this place.
 C = Inter-level travel time spent in this place.
 D = Time resting spent in this place.
 E = Time spent auto-exploring this place.
 F = Levels seen in this place.
 G = Mean time per level.
                   A        B        C        D        E       F      G
               +--------+--------+--------+--------+--------+-----+--------+
         Total |   8703 |   8435 |    268 |    923 |   5355 |  10 |  870.3 |
       Dungeon |   8327 |   8059 |    268 |    860 |   5190 |   8 | 1040.9 |
        Temple |     16 |     16 |      0 |      0 |      0 |   1 |   16.0 |
        Bailey |    359 |    359 |      0 |     63 |    165 |   1 |  359.0 |
               +--------+--------+--------+--------+--------+-----+--------+

Top non-repeatable levels by time:
     D:6: 2491 daAuts
     D:5: 1202 daAuts
     D:1: 1141 daAuts
     D:3: 1110 daAuts
     D:4: 1055 daAuts
     D:2: 982 daAuts
  Bailey: 359 daAuts
     D:8: 237 daAuts
     D:7: 107 daAuts
  Temple: 16 daAuts
